AoeStats
← Orca17

Glade

503476628Analyzed
1v1 RM · 1mo ago on Aug 31, 2026· 41m 52s· 2 players
Game mode
Random Map
Map size
Tiny (2 player)
Population
200
Speed
Normal
Resources
Standard
Victory
Conquest
Starting age
Dark Age
Ending age
Imperial Age
RankedLock teamsTeams togetherTeam positionsShared explorationLock speedFull tech treeHidden civsTurbo modeCheats
Victory
Defeat
🇩🇪 Muisca · Germany
2268
+11
🇵🇱 Georgians · Poland
2147
-11
Dziamdziak
9:43 Feudal Age
10:09 Arson
10:09 Double-Bit Axe
10:07 Horse Collar
11:02 Man-at-Arms
17:59 Castle Age
17:07 Gold Mining
19:05 Bow Saw
21:07 Heavy Plow
22:08 Wheelbarrow
21:21 Town Watch
27:32 Imperial Age
24:48 Loom
25:04 Fletching
25:06 Stone Mining
26:57 Bodkin Arrow
27:22 Padded Archer Armor
28:26 Hand Cart
29:19 Chemistry
28:24 Elite Skirmisher
29:44 Bracer
30:08 Ballistics
30:19 Masonry
32:16 Leather Archer Armor
32:32 Architecture
33:20 Bloodlines
32:31 Light Cavalry
33:26 Capped Ram
36:06 Siege Ram
38:01 Conscription
37:43 Siege Ram
39:56 Scale Barding Armor
41:56 Chain Barding Armor
Orca17
7:39 Loom
9:52 Feudal Age
10:42 Double-Bit Axe
13:10 Fletching
17:20 Castle Age
16:51 Horse Collar
18:49 Bow Saw
22:39 Wheelbarrow
28:19 Imperial Age
26:00 Gold Mining
26:15 Heavy Plow
26:18 Stone Mining
27:05 Bodkin Arrow
29:43 Masonry
30:41 Siege Engineers
31:17 Padded Archer Armor
32:09 Ballistics
32:15 Bracer
33:17 Leather Archer Armor
34:31 Thumb Ring
36:34 Hand Cart
36:12 Elite Guecha Warrior
38:06 Scale Mail Armor
38:16 Forging
39:20 Chemistry
39:20 Chain Mail Armor
41:01 Plate Mail Armor
40:43 Squires
40:56 Town Watch
41:40 Conscription
Connection lost

Rejoining the realm…

Still unreachable

The connection could not be restored.

Session expired

The server has moved on; the page needs a fresh start.